 Dungeon Crawl Stone Soup version 0.31-a0-1321-g5021b54cb2 (webtiles) character file.

Game seed: 13095657306185101331

96 Curundu the Poker (level 4, -1/41 HPs)
             Began as a Minotaur Berserker on Dec 20, 2023.
             Was a Believer of Trog.
             Slain by Jessica
             ... wielding a +0 dagger
              (6 damage)
             ... on level 3 of the Dungeon.
             The game lasted 00:05:46 (1978 turns).

Curundu the Poker (Minotaur Berserker)              Turns: 1978, Time: 00:05:46

Health: -1/41      AC:  5    Str: 23    XL:     4   Next: 41%
Magic:  3/3        EV: 11    Int:  4    God:    Trog [**....]
Gold:   75         SH:  0    Dex: 10    Spells: 3/3 levels left

rFire   . . .        a - +0 spear
rCold   . . .        (no shield)
rNeg    . . .        h - +0 ring mail
rPois   .            (helmet restricted)
rElec   .            (no cloak)
rCorr   .            (no gloves)
SInv    .            (no boots)
Will    .....        (no amulet) Stlth
                     (no ring)
HPRegen 0.26/turn    (no ring)
MPRegen 0.08/turn

%: no passive effects
@: slowed, very slow
A: horns 2, retaliatory headbutt
a: Renounce Religion, Berserk, Trog's Hand


You were on level 3 of the Dungeon.
You worshipped Trog.
Trog was pleased with you.
You visited 1 branch of the dungeon, and saw 3 of its levels.

You collected 75 gold pieces.

Inventory:

Hand Weapons
 a - a +0 spear (weapon)
Missiles
 k - 2 boomerangs
Armour
 h - a +0 ring mail (worn)
Scrolls
 b - a scroll of amnesia {unknown}
 c - a scroll of revelation {unknown}
 f - 3 scrolls of identify {unknown}
 g - a scroll of acquirement {unknown}
 i - a scroll of immolation {unknown}
Potions
 d - a potion of cancellation {unknown}
 e - 2 potions of degeneration {unknown}
 j - 2 potions of heal wounds {unknown}
 l - a potion of mutation {unknown}


   Skills:
 + Level 4.4 Fighting
 + Level 5.0 Polearms
 + Level 2.8 Armour
 + Level 3.0 Dodging
 + Level 0.1 Stealth


You had 3 spell levels left.
You didn't know any spells.
Your spell library was empty.

Dungeon Overview and Level Annotations

Branches:
Dungeon (3/15)

Altars:

Shops:
D:2 (

Annotations:
D:3 Jessica


Innate Abilities, Weirdness & Mutations

You have a pair of horns on your head.
You reflexively headbutt those who attack you in melee.


Message History

Jessica shouts!
A frilled lizard comes into view.
Found a fuming grey potion.
Jessica completely misses you.
You hit Jessica but do no damage.
Jessica casts a spell.
Jessica seems to speed up.
You hit Jessica.
Jessica is heavily wounded.
Jessica mumbles some strange words.
Jessica blinks!
You hit the frilled lizard.
You kill the frilled lizard!
Trog accepts your kill. Jessica gestures at you while chanting.
Pain shoots through your body! Jessica casts a spell at you.
Pain shoots through your body!
You see here a frilled lizard corpse.
Jessica casts a spell.
Jessica blinks!
Jessica points at you and mumbles some strange words.
You feel yourself slow down. Jessica attacks as she pursues you!
Jessica barely misses you. Jessica hits you with a +0 dagger.
You closely miss Jessica.
Jessica is moderately wounded.
Jessica points at you and mumbles some strange words.
Pain shoots through your body!
* * * LOW HITPOINT WARNING * * *
Jessica hits you with a +0 dagger.
* * * LOW HITPOINT WARNING * * *
You closely miss Jessica.
Jessica is moderately wounded.
Jessica hits you but does no damage.
Jessica casts a spell.
Jessica blinks!
Jessica very coldly says, "I hate your company."
Jessica hits you with a +0 dagger.
You die...

........######.###
.##..#### #^#
†##..# #.# .....#
#.# †##.####
#.####### .......#
#........ .<.....#
#....#### .......#
#.§..# ........#
#†#@## ........#
#.#@# ........#
#.#.# ........#
#.#.# .........
.!..# ###...#..
....# ..... ......


You could see Jessica (fast).

Vanquished Creatures
  3 adders (D:2)
  4 dart slugs
  5 endoplasms
  5 giant cockroaches
  5 goblins
  2 hobgoblins
  3 jackals (D:3)
  3 quokkas
  5 ball pythons
  7 bats
  3 frilled lizards
  8 kobolds
  7 rats
60 creatures vanquished.

Notes
Turn   | Place    | Note
-------+----------+-------------------------------------------
     0 | D:1      | Curundu the Minotaur Berserker began the quest for the Orb.
     0 | D:1      | Reached XP level 1. HP: 19/19 MP: 0/0
   142 | D:1      | Reached XP level 2. HP: 26/27 MP: 1/1
   144 | D:1      | Reached skill level 4 in Polearms
   393 | D:1      | Reached ** piety under Trog
   553 | D:1      | Reached XP level 3. HP: 33/33 MP: 2/2
  1316 | D:2      | Found Zarph's Weapon Shop.
  1337 | D:2      | Reached XP level 4. HP: 30/41 MP: 3/3
  1926 | D:3      | Reached skill level 5 in Polearms
  1965 | D:3      | Noticed Jessica
  1978 | D:3      | Slain by Jessica

Illustrated notes

Levels and vault maps discovered:
D:1:      dpeg_arrival_prison, layout_loops_ring
D:2:      layout_basic, serial_shops, nicolae_shop_bloodbath_and_beyond
D:3:      layout_loops_ring, uniq_jessica, uniq_robin

Skill      XL: |  1  2  3  4 |
---------------+-------------+-----
Fighting       | 4 |  4.4
Polearms       | 4 5 |  5.0
Dodging        | 3 |  3.0
Armour         | |  2.8
Stealth        | |  0.1

Action                     |  1- 3 |  4- 6 || total
---------------------------+-------+-------++-------
  Melee: Spear             |   102 |    37 ||   139
         Headbutt          |    13 |     1 ||    14
         Punch             |     1 |       ||     1
 Armour: Animal skin       |    50 |       ||    50
         Skin              |     3 |       ||     3
         Ring mail         |    13 |    29 ||    42
  Dodge: Dodged            |    74 |    22 ||    96

Table legend: (Time is in decaauts)
 A = Elapsed time spent in this place.
 B = Non-inter-level travel time spent in this place.
 C = Inter-level travel time spent in this place.
 D = Time resting spent in this place.
 E = Time spent auto-exploring this place.
 F = Levels seen in this place.
 G = Mean time per level.
                   A        B        C        D        E       F      G
               +--------+--------+--------+--------+--------+-----+--------+
         Total |   1962 |   1962 |      0 |      0 |   1425 |   3 |  654.0 |
       Dungeon |   1962 |   1962 |      0 |      0 |   1425 |   3 |  654.0 |
               +--------+--------+--------+--------+--------+-----+--------+

Top non-repeatable levels by time:
     D:2: 1006 daAuts
     D:1: 842 daAuts
     D:3: 112 daAuts
